 Dungeon Crawl Stone Soup version 0.31-a0-1529-g7bd419a0e5 (webtiles) character file.

Game seed: 13234870587026856658

31133 s4kkeboi the Severer (level 13, -2/119 HPs)
             Began as a Minotaur Berserker on Dec 31, 2023.
             Was an Elder of Trog.
             Slain by an eight-headed hydra (6 damage)
             ... on level 5 of the Lair of Beasts.
             The game lasted 00:53:44 (18119 turns).

s4kkeboi the Severer (Minotaur Berserker)          Turns: 18119, Time: 00:53:45

Health: -2/119     AC: 20    Str: 26 (28) XL:     13   Next: 24%
Magic:  12/12      EV: 10    Int:  2 (4)  God:    Trog [****..]
Gold:   776        SH: 14    Dex: 13 (15) Spells: 12/12 levels left

rFire   . . .        B - +2 war axe (freeze)
rCold   . . .        t - +2 buckler
rNeg    . . .        v - +2 chain mail
rPois   +            (helmet restricted)
rElec   .            D - +2 cloak {rCorr}
rCorr   +            (no gloves)
SInv    .            o - +1 pair of boots
Will    ++...        r - amulet of reflection Stlth
                     s - ring of poison resistance
HPRegen 1.39/turn    x - +6 ring of dexterity
MPRegen 0.13/turn

%: reflection
@: strong-willed, on berserk cooldown, regenerating, slowed, invisible, very
slow
A: horns 2, retaliatory headbutt, noise suppression
a: Renounce Religion, Berserk, Trog's Hand, Brothers in Arms


You were on level 5 of the Lair of Beasts.
You worshipped Trog.
Trog was greatly pleased with you.
You visited 2 branches of the dungeon, and saw 16 of its levels.

You collected 776 gold pieces.

Inventory:

Hand Weapons
 B - a +2 war axe of freezing (weapon)
Missiles
 a - a throwing net
 j - 33 poisoned darts (quivered)
Armour
 k - a +1 ring mail of poison resistance
 o - a +1 pair of boots (worn)
 t - a +2 buckler (worn)
 v - a +2 chain mail (worn)
 D - a +2 cloak of preservation (worn)
Jewellery
 h - a ring of see invisible
 n - a +5 ring of evasion
 p - a ring of resist corrosion
 q - a ring of fire
 r - an amulet of reflection (around neck)
 s - a ring of poison resistance (left hand)
 x - a +6 ring of dexterity (right hand)
 y - an amulet of regeneration
 C - an amulet of the acrobat
 G - a ring of flight
 R - an amulet of guardian spirit
Wands
 f - a wand of polymorph (3)
 g - a wand of mindburst (25)
 m - a wand of charming (4)
 w - a wand of acid (4)
 I - a wand of iceblast (11)
 M - a wand of digging (1)
Scrolls
 b - 3 scrolls of identify
 c - 6 scrolls of teleportation
 d - a scroll of fear
 l - 3 scrolls of fog {unknown}
 E - a scroll of noise {unknown}
 F - a scroll of silence {unknown}
 H - a scroll of enchant weapon
 J - a scroll of brand weapon {unknown}
 K - 4 scrolls of immolation
 L - a scroll of butterflies {unknown}
 O - a scroll of poison
 P - a scroll of vulnerability {unknown}
Potions
 e - 3 potions of attraction
 i - 3 potions of enlightenment
 z - a potion of mutation
 A - a potion of degeneration
 Q - a potion of lignification {unknown}
 S - a potion of invisibility


   Skills:
 + Level 12.9 Fighting
 * Level 17.5 Axes
 - Level 3.0 Throwing
 + Level 11.9 Armour
 - Level 2.1 Dodging
 + Level 11.6 Shields


You had 12 spell levels left.
You didn't know any spells.
Your spell library was empty.

Dungeon Overview and Level Annotations

Branches:
Dungeon (11/15)            Temple (0/1) D:4            Lair (5/5) D:9
  Swamp (0/4) Lair:2        Snake (0/4) Lair:3        Slime (0/5) Lair:5
    Orc: D:9-12

Altars:
Cheibriados
Elyvilon
Hepliaklqana
Qazlal
Ru
Uskayaw
Vehumet
Wu Jian
Jiyva

Shops:
D:1 [


Innate Abilities, Weirdness & Mutations

You have a pair of horns on your head.
You reflexively headbutt those who attack you in melee.
You passively dampen the noise of your surroundings.


Message History

It was a potion of degeneration.
There was something very wrong with that liquid.
You feel weakened.
You feel dopey.
You feel clumsy. The eight-headed hydra bites you.
You block the eight-headed hydra's attack.
The eight-headed hydra bites you!
The eight-headed hydra closely misses you.
The eight-headed hydra barely misses you.
You block the eight-headed hydra's attack.
The eight-headed hydra bites you but does no damage.
The eight-headed hydra closely misses you.
The tyrant leech barely misses you.
The eight-headed hydra bites you but does no damage. x2
The eight-headed hydra barely misses you.
The eight-headed hydra completely misses you.
The eight-headed hydra bites you but does no damage.
The eight-headed hydra closely misses you.
The eight-headed hydra bites you!
* * * LOW HITPOINT WARNING * * *
The eight-headed hydra closely misses you.
It was a potion of invisibility.
You fade into invisibility!
The eight-headed hydra closely misses you.
The eight-headed hydra bites you but does no damage.
The eight-headed hydra bites you.
* * * LOW HITPOINT WARNING * * *
The eight-headed hydra bites you but does no damage.
You block the eight-headed hydra's attack.
The eight-headed hydra bites you!
* * * LOW HITPOINT WARNING * * *
The eight-headed hydra completely misses you.
You block the eight-headed hydra's attack.
The tyrant leech barely misses you.
A goliath frog comes into view.
You block the eight-headed hydra's attack. x2
The eight-headed hydra misses you. The eight-headed hydra bites you!
* * * LOW HITPOINT WARNING * * *
The eight-headed hydra closely misses you.
The eight-headed hydra bites you.
You die...

#~~≈##~~P......P
#~~~F#~~.P....#
#~P~~††k?.....#
#≈~~~≈~.~~...###..#
#.~~≈~~†......#...P
#.P≈P~.~.....#.#...
##~~≈~.w...........
#.~~..D.†.........
#P~~.@..........
##~...~......##.
#.P..P.†..### ~
#......†..# ~..
####......##
...####..........#
.....................
................P....
.................##P..


You could see an eight-headed hydra (unable to see you), a tyrant leech (unable
to see you), a lindwurm (unable to see you) and a goliath frog (wandering,
unable to see you).

Vanquished Creatures
  Gastronok (Lair:2)
  A two-headed ogre (D:9)
  A centaur warrior (D:8)
  2 hydras
  Erica (Lair:2)
  A boulder beetle (Lair:4)
  2 skysharks
  2 bog bodies (Lair:2)
  Maurice (D:9)
  Joseph (D:9)
  A gargoyle (D:8)
  4 rime drakes
  14 cane toads
  4 komodo dragons
  5 blink frogs (Lair:5)
  6 polar bears
  Prince Ribbit (D:7)
  Sigmund (D:5)
  4 wyverns
  40 yaks
  2 wraiths
  A basilisk (Lair:2)
  A steam dragon (D:9)
  Grum (D:8)
  3 vampire mosquitoes (Lair:5)
  3 nagas (Lair:3)
  An acid dragon (D:8)
  9 water moccasins
  5 black bears
  A sky beast (D:7)
  2 centaurs
  20 wolves
  2 ogres
  2 phantoms
  2 kobold brigands
  22 bullfrogs
  3 scorpions
  A gnoll sergeant (D:9)
  12 wights
  5 killer bees (D:9)
  4 bombardier beetles
  3 hounds
  4 orc priests (D:5)
  4 jellies
  A gnoll bouda (Lair:4)
  4 iguanas
  A sleepcap (D:8)
  5 orc wizards
  A mummy (D:6)
  6 gnolls
  6 adders
  A shadow imp (D:5)
  2 ufetubi (D:6)
  4 dart slugs
  A ribbon worm (D:4)
  26 orcs
  6 ball pythons
  12 endoplasms
  3 giant cockroaches
  11 goblins
  9 hobgoblins
  4 quokkas
  4 bats
  6 frilled lizards
  11 kobolds
  3 kobold zombies (D:6)
  An orc zombie (D:6)
  8 rats
342 creatures vanquished.

Notes
Turn   | Place    | Note
-------+----------+-------------------------------------------
     0 | D:1      | s4kkeboi the Minotaur Berserker began the quest for the
                  | Orb.
     0 | D:1      | Reached XP level 1. HP: 19/19 MP: 0/0
    50 | D:1      | Reached skill level 4 in Axes
    85 | D:1      | Reached XP level 2. HP: 19/27 MP: 1/1
   481 | D:1      | Reached XP level 3. HP: 31/33 MP: 2/2
   523 | D:1      | Found Juoli's Antique Armour Shop.
   594 | D:1      | Found a faded altar of an unknown god.
  1290 | D:2      | Identified the +0 robe of a volcano {rPois rF+ rCorr}
  1294 | D:2      | Reached skill level 5 in Axes
  1300 | D:2      | Reached ** piety under Trog
  1939 | D:2      | Reached XP level 4. HP: 41/41 MP: 3/3
  2121 | D:3      | Found a hazy altar of Hepliaklqana.
  2303 | D:3      | Identified the +2 ring mail "Eluongimi" {rC- Int+8}
  2788 | D:4      | Found a hide-covered altar of Uskayaw.
  2835 | D:4      | Found a staircase to the Ecumenical Temple.
  2920 | D:4      | Reached skill level 5 in Fighting
  2920 | D:4      | Reached skill level 6 in Axes
  2920 | D:4      | Reached XP level 5. HP: 27/48 MP: 4/4
  3329 | D:4      | Reached XP level 6. HP: 55/56 MP: 5/5
  3368 | D:4      | Reached skill level 7 in Axes
  3535 | D:4      | Reached *** piety under Trog
  3565 | D:4      | Identified the +3 leather armour of the King of the Hill
                  | {Str+4}
  3851 | D:4      | Found a radiant altar of Vehumet.
  3925 | D:5      | Entered Level 5 of the Dungeon
  3943 | D:5      | Reached skill level 1 in Shields
  4035 | D:5      | Reached XP level 7. HP: 63/63 MP: 6/6
  4320 | D:5      | Reached skill level 8 in Axes
  5212 | D:5      | Reached XP level 8. HP: 71/71 MP: 7/7
  5469 | D:5      | Noticed Sigmund
  5475 | D:5      | Killed Sigmund
  5476 | D:5      | Reached skill level 9 in Axes
  5605 | D:6      | Found a sand-covered staircase.
  5618 | D:6      | Reached skill level 5 in Armour
  5641 | D:6      | Identified the +1 short sword of Tortfeasance {flame, rPois
                  | rCorr Dex+3}
  6229 | D:6      | Found a snail-covered altar of Cheibriados.
  6576 | D:6      | Reached skill level 10 in Axes
  6611 | D:6      | Gained mutation: You passively dampen the noise of your
                  | surroundings. [potion of mutation]
  6887 | D:7      | Reached skill level 5 in Shields
  7161 | D:7      | Reached XP level 9. HP: 80/80 MP: 8/8
  7604 | D:7      | Noticed Prince Ribbit
  7610 | D:7      | Killed Prince Ribbit
  8267 | D:7      | Found an ornate altar of the Wu Jian Council.
  8383 | D:8      | Noticed a centaur warrior
  8398 | D:8      | Noticed Grum
  8415 | D:8      | Noticed a gargoyle
  8429 | D:8      | Killed a gargoyle
  8430 | D:8      | Reached skill level 11 in Axes
  8450 | D:8      | Killed Grum
  8574 | D:8      | Killed a centaur warrior
  8575 | D:8      | Reached skill level 12 in Axes
  8848 | D:8      | Reached XP level 10. HP: 91/91 MP: 9/9
  9366 | D:8      | You fall into a shaft and drop 3 floors!
  9435 | D:10     | Entered Level 10 of the Dungeon
  9443 | D:10     | Found a stormy altar of Qazlal.
  9524 | D:9      | Noticed Maurice
 10021 | D:9      | Something stole an amulet of the acrobat
 10021 | D:9      | Something stole 28 poisoned darts
 10117 | D:9      | Maurice stole 424 gold
 10122 | D:9      | Killed Maurice
 10253 | D:9      | Identified the +2 scale mail of Liberalism {rPois}
 10300 | D:9      | Noticed a two-headed ogre
 10314 | D:9      | Killed a two-headed ogre
 10566 | D:9      | Reached skill level 13 in Axes
 10632 | D:9      | Found a sacrificial altar of Ru.
 10933 | D:9      | Reached skill level 10 in Fighting
 11671 | D:9      | Noticed Joseph
 11679 | D:9      | Killed Joseph
 12031 | D:9      | Found a staircase to the Lair.
 12075 | D:9      | Found a white marble altar of Elyvilon.
 12551 | Lair:1   | Entered Level 1 of the Lair of Beasts
 12554 | Lair:1   | Reached XP level 11. HP: 100/100 MP: 10/10
 13066 | Lair:1   | Reached skill level 14 in Axes
 13392 | Lair:1   | Identified the +2 cloak of Greater Demons {*Corrode rElec
                  | Regen+ Int+3}
 13439 | Lair:1   | Reached skill level 1 in Throwing
 13780 | Lair:1   | Noticed a seven-headed hydra
 13797 | Lair:1   | Killed a 13-headed hydra
 14440 | Lair:2   | Noticed Gastronok
 14757 | Lair:2   | Identified the +7 lajatang of Karma {freeze, rPois rCorr
                  | Int+2}
 14816 | Lair:2   | Reached skill level 15 in Axes
 14846 | Lair:2   | Reached skill level 10 in Armour
 15012 | Lair:2   | Found a staircase to the Swamp.
 15012 | Lair:2   | Noticed a bog body
 15012 | Lair:2   | Noticed a bog body
 15026 | Lair:2   | Killed a bog body
 15029 | Lair:2   | Killed a bog body
 15030 | Lair:2   | Reached XP level 12. HP: 110/110 MP: 11/11
 15085 | Lair:2   | Killed Gastronok
 15086 | Lair:2   | Reached skill level 10 in Shields
 15393 | Lair:2   | Noticed Erica
 15446 | Lair:2   | Killed Erica
 16009 | Lair:3   | Reached skill level 16 in Axes
 16106 | Lair:3   | Found a staircase to the Snake Pit.
 16175 | Lair:3   | Noticed a five-headed hydra
 16192 | Lair:3   | Killed an 11-headed hydra
 16582 | Lair:3   | Reached **** piety under Trog
 16991 | Lair:4   | Noticed a boulder beetle
 17004 | Lair:4   | Killed a boulder beetle
 17247 | Lair:4   | Reached skill level 17 in Axes
 17383 | Lair:4   | Reached XP level 13. HP: 119/119 MP: 12/12
 18001 | Lair:5   | Entered Level 5 of the Lair of Beasts
 18001 | Lair:5   | Found a viscous altar of Jiyva.
 18001 | Lair:5   | Found a staircase to the Slime Pits.
 18119 | Lair:5   | HP: 4/119 [eight-headed hydra (12)]
 18119 | Lair:5   | Slain by an eight-headed hydra

Illustrated notes

Levels and vault maps discovered:
D:1:      beargit_arrival_diablo_church, layout_rooms,
          hellmonk_ecumenical_altar_crossroads, serial_shops,
          nicolae_shop_hallway_stairs, minmay_misc_feat_secret_circle
D:2:      layout_basic
D:3:      layout_basic, lemuel_doored_altar
D:4:      layout_loops_corners, kennysheep_mini_moat,
          nicolae_uskayaw_dance_hall, minmay_temple_entry_statues_fountains,
          minmay_a_box_with_orc_wizards_in_it
D:5:      layout_loops_ring, uniq_sigmund
D:6:      layout_loops_cross, overflow_temple_1_default,
          nicolae_ossuary_entry_ruins, minmay_mini_ossuary
D:7:      layout_layer_cave, mainiacjoe_overflow_alcove_2, uniq_prince_ribbit1
D:8:      layout_rooms, uniq_grum
D:9:      layout_basic, lemuel_tele_altar, nicolae_elyvilon_peaceful_grove,
          grunt_lair_entry_orc_guard_hut, grunt_ministairs_6, minivault_22,
          uniq_maurice, uniq_joseph
D:10:     layout_roguey, old_standard_altar, fedhas_altar_3,
          serial_co_window_serial, co_window_corner_a,
          co_window_of_opportunity_a, co_window_cross_1,
          co_window_of_opportunity_a, co_window_corner_a, co_window_paths_a,
          co_window_of_opportunity_a, co_window_2corner,
          co_window_unsneaky_path_d, co_window_broadway_b, co_window_broadway_b,
          co_window_unsneaky_path_d, glass_columns_a, grunt_ministairs_2
D:11:     layout_loops_ring
Lair:1:   layout_hall_layers, serial_bayou_shore_b, lemuel_fruit_tree
Lair:2:   layout_gridlike, skrybe_swamp_entry_bodies, cheibrodos_lair_lostbears,
          grunt_megastairs_4, uniq_gastronok, uniq_erica
Lair:3:   layout_chaotic_city, guppyfry_snake_entry_garden, beast_lair_carwin_7,
          grunt_megastairs_5
Lair:4:   layout_long_grid, dreamdust_gnoll_shepherd, serial_bayou_shore_b,
          infiniplex_staircase_pool_2
Lair:5:   minmay_lair_end_frog_pond, layout_regular_city, slime_entry_1

Skill      XL: |  1  2  3  4  5  6  7  8  9 10 11 12 |
---------------+-------------------------------------+-----
Axes           | 4 5 6 7 8 10 12 13 15 17 | 17.5
Fighting       | 4 5 6 7 9 10 11 12 | 12.9
Shields        | 1 3 5 6 8 9 11 | 11.6
Armour         | 3 4 5 7 8 10 11 | 11.9
Throwing       | 3 |  3.0
Dodging        | |  2.1

Action                     |  1- 3 |  4- 6 |  7- 9 | 10-12 | 13-15 || total
---------------------------+-------+-------+-------+-------+-------++-------
  Melee: Hand axe          |    99 |   128 |   181 |    44 |       ||   452
         Headbutt          |    11 |    24 |    42 |   106 |    17 ||   200
         War axe           |       |       |       |   398 |    86 ||   484
  Throw: Dart              |       |       |     8 |       |       ||     8
 Invoke: Berserk           |     2 |     4 |    12 |    27 |     2 ||    47
         Trog's Hand       |       |       |     1 |     4 |     1 ||     6
  Evoke: Wand              |       |       |       |     7 |       ||     7
    Use: Scroll            |       |    13 |     6 |     2 |     1 ||    22
         Potion            |       |       |     3 |     5 |     4 ||    12
 Armour: Animal skin       |    25 |       |       |       |       ||    25
         Ring mail         |    26 |    14 |       |       |       ||    40
         Chain mail        |       |    45 |    92 |   235 |    83 ||   455
         Skin              |       |       |       |    12 |       ||    12
  Dodge: Dodged            |    57 |    44 |    42 |   108 |    40 ||   291
  Block: Buckler           |       |    26 |    77 |   226 |    49 ||   378
         Reflection        |       |     1 |    13 |     8 |       ||    22

Table legend: (Time is in decaauts)
 A = Elapsed time spent in this place.
 B = Non-inter-level travel time spent in this place.
 C = Inter-level travel time spent in this place.
 D = Time resting spent in this place.
 E = Time spent auto-exploring this place.
 F = Levels seen in this place.
 G = Mean time per level.
                   A        B        C        D        E       F      G
               +--------+--------+--------+--------+--------+-----+--------+
         Total |  18400 |  17703 |    697 |   6948 |   8398 |  16 | 1150.0 |
       Dungeon |  12789 |  12262 |    527 |   5175 |   5561 |  11 | 1162.6 |
          Lair |   5610 |   5441 |    169 |   1773 |   2836 |   5 | 1122.0 |
               +--------+--------+--------+--------+--------+-----+--------+

Top non-repeatable levels by time:
     D:9: 2533 daAuts
     D:7: 2006 daAuts
  Lair:2: 1898 daAuts
     D:5: 1727 daAuts
  Lair:1: 1566 daAuts
     D:8: 1299 daAuts
     D:4: 1194 daAuts
     D:2: 1185 daAuts
     D:6: 1151 daAuts
  Lair:3: 1028 daAuts
  Lair:4: 1015 daAuts
     D:1: 951 daAuts
     D:3: 641 daAuts
  Lair:5: 100 daAuts
    D:11: 78 daAuts
